AoeStats
← TheDayDollarDie

Arena

509692746Analyzed
1v1 RM · 5d ago on Sep 27, 2026· 38m 2s· 2 players
Game mode
Random Map
Map size
Tiny (2 player)
Population
200
Speed
Normal
Resources
Standard
Victory
Conquest
Starting age
Dark Age
Ending age
Imperial Age
RankedLock teamsTeams togetherTeam positionsShared explorationLock speedFull tech treeHidden civsTurbo modeCheats
Victory
Defeat
🇫🇷 Bohemians · France
874
+15
🇸🇪 Burgundians · Sweden
843
-15
Hugh Jazzman
10:25 Feudal Age
9:02 Double-Bit Axe
12:05 Bow Saw
11:42 Horse Collar
14:01 Wheelbarrow
15:15 Loom
17:43 Castle Age
16:08 Heavy Plow
23:32 Hand Cart
23:05 Town Watch
24:06 Town Patrol
27:54 Fletching
28:17 Forging
27:59 Fletching
28:57 Cavalier
33:39 Imperial Age
31:39 Husbandry
31:03 Elite Skirmisher
31:54 Scale Barding Armor
32:54 Bodkin Arrow
35:40 Bracer
36:37 Ballistics
36:13 Murder Holes
37:01 Iron Casting
37:29 Paladin
TheDayDollarDie
10:01 Feudal Age
10:32 Double-Bit Axe
10:30 Horse Collar
12:27 Wheelbarrow
17:48 Castle Age
18:41 Bow Saw
19:51 Heavy Plow
21:59 Hand Cart
26:05 Imperial Age
26:28 Chemistry
25:28 Arson
26:15 Squires
26:40 Fervor
26:45 Fervor
26:10 Pikeman
27:08 Scale Mail Armor
27:19 Forging
27:34 Loom
27:44 Town Watch
29:41 Two-Man Saw
29:35 Ballistics
28:40 Halberdier
31:13 Chain Mail Armor
31:34 Iron Casting
32:20 Houfnice
33:25 Conscription
Connection lost

Rejoining the realm…

Still unreachable

The connection could not be restored.

Session expired

The server has moved on; the page needs a fresh start.